TOP OF THE 1ST |
Chula Vista Tacos batting - Pitching for Surrey Sinners : LHP Dennis Morales
|
Pitching: LHP Dennis Morales
|
|
Batting: RHB John Nelson
|
0-0: Called Strike 0-1: Ball 1-1: Ball 2-1: Ball 3-1: Called Strike 3-2: Foul Ball, location: 2F 3-2: Foul Ball, location: 2F 3-2: Ground out 5-3 (Groundball, 6)
|
Batting: LHB Ken Phillips
|
0-0: Foul Ball, location: 2F 0-1: Fly out, F8 (Flyball, 78D)
|
Batting: RHB Doug Brown
|
0-0: SOLO HOME RUN (Flyball, 78XD), Distance : 398 ft
|
Batting: RHB Griswold Coleman
|
0-0: Ball 1-0: Ball 2-0: Ball 3-0: Called Strike 3-1: Foul Ball, location: 2F 3-2: Base on Balls
|
Batting: LHB Ray Bryant
|
0-0: DOUBLE (Flyball, 7D) Griswold Coleman to third
|
Batting: LHB Alberto Santos
|
0-0: Called Strike 0-1: Ball 1-1: Ball 2-1: Ball 3-1: Called Strike 3-2: SINGLE (Line Drive, 4D) Griswold Coleman scores Ray Bryant to third Ray Bryant scores
|
Batting: RHB José Oliveira
|
0-0: Ball 1-0: Foul Ball, location: 2F 1-1: Ball 2-1: Swinging Strike 2-2: Strikes out swinging
|
Top of the 1st over - 3 run(s), 3 hit(s), 0 error(s), 1 left on base; Chula Vista 3 - Surrey 0 |
BOTTOM OF THE 1ST |
Surrey Sinners batting - Pitching for Chula Vista Tacos : RHP Jody Clemente
|
Pitching: RHP Jody Clemente
|
|
Batting: RHB Max Alexander
|
0-0: Bunt for hit - play at first, batter OUT! 1-3
|
Batting: LHB Brian Ford
|
0-0: Ball 1-0: Fly out, F6 (Line Drive, 56D)
|
Batting: RHB Víctor Arredondo
|
0-0: Called Strike 0-1: Swinging Strike 0-2: Ball 1-2: Fly out, F8 (Line Drive, 8LM)
|
Bottom of the 1st over - 0 run(s), 0 hit(s), 0 error(s), 0 left on base; Chula Vista 3 - Surrey 0 |
TOP OF THE 2ND |
Chula Vista Tacos batting - Pitching for Surrey Sinners : LHP Dennis Morales
|
Batting: RHB Ricardo Guzmán
|
0-0: Ground out 6-3 (Groundball, 6)
|
Batting: SHB Michael Aisher
|
0-0: Ball 1-0: Ball 2-0: SINGLE (Line Drive, 4M)
|
Batting: RHB John Nelson
|
0-0: Ball 1-0: Fly out, F9 (Line Drive, 9M)
|
Batting: LHB Ken Phillips
|
0-0: Ball 1-0: SINGLE (Groundball, 4M) Michael Aisher to second
|
Batting: RHB Doug Brown
|
0-0: Ground out 4-3 (Groundball, 4)
|
Top of the 2nd over - 0 run(s), 2 hit(s), 0 error(s), 2 left on base; Chula Vista 3 - Surrey 0 |
BOTTOM OF THE 2ND |
Surrey Sinners batting - Pitching for Chula Vista Tacos : RHP Jody Clemente
|
Batting: RHB Sixto Banda
|
0-0: Called Strike 0-1: Ball 1-1: Ball 2-1: Called Strike 2-2: Foul Ball, location: 2F 2-2: Ground out 5-3 (Groundball, 5S)
|
Batting: LHB Buddy Rice
|
0-0: Ball 1-0: Ball 2-0: Called Strike 2-1: Ball 3-1: Foul Ball, location: 2F 3-2: Strikes out looking
|
Batting: LHB Javier Espinoza
|
0-0: Swinging Strike 0-1: Ball 1-1: SINGLE (Line Drive, 8LS)
|
Batting: RHB Carlos Rodríguez
|
0-0: Ball Javier Espinoza steals 2nd base 1-0: Ground out 6-3 (Groundball, 6M)
|
Bottom of the 2nd over - 0 run(s), 1 hit(s), 0 error(s), 1 left on base; Chula Vista 3 - Surrey 0 |
TOP OF THE 3RD |
Chula Vista Tacos batting - Pitching for Surrey Sinners : LHP Dennis Morales
|
Batting: RHB Griswold Coleman
|
0-0: Called Strike 0-1: Foul Ball, location: 2F 0-2: Foul Ball, location: 2F 0-2: Strikes out looking
|
Batting: LHB Ray Bryant
|
0-0: Ball 1-0: Called Strike 1-1: Ball 2-1: Ball 3-1: Base on Balls
|
Batting: LHB Alberto Santos
|
0-0: Called Strike 0-1: Foul Ball, location: 2F 0-2: Strikes out swinging
|
Batting: RHB José Oliveira
|
0-0: Ball 1-0: Called Strike 1-1: Swinging Strike 1-2: Strikes out swinging
|
Top of the 3rd over - 0 run(s), 0 hit(s), 0 error(s), 1 left on base; Chula Vista 3 - Surrey 0 |
BOTTOM OF THE 3RD |
Surrey Sinners batting - Pitching for Chula Vista Tacos : RHP Jody Clemente
|
Batting: RHB Augusto Trevino
|
0-0: Called Strike 0-1: Called Strike 0-2: Hit by Pitch
|
Batting: RHB Eugene Booth
|
0-0: Ball Augusto Trevino is caught stealing 2nd base 1-0: Swinging Strike 1-1: Swinging Strike 1-2: Ball 2-2: Strikes out swinging
|
Batting: RHB Max Alexander
|
0-0: Fly out, F4 (Line Drive, 4M)
|
Bottom of the 3rd over - 0 run(s), 0 hit(s), 0 error(s), 0 left on base; Chula Vista 3 - Surrey 0 |
TOP OF THE 4TH |
Chula Vista Tacos batting - Pitching for Surrey Sinners : LHP Dennis Morales
|
Batting: RHB Ricardo Guzmán
|
0-0: Swinging Strike 0-1: Ground out 5-3 (Groundball, 56)
|
Batting: SHB Michael Aisher
|
0-0: Foul Ball, location: 2F 0-1: Called Strike 0-2: Ground out 4-3 (Groundball, 4)
|
Batting: RHB John Nelson
|
0-0: Ground out 6-3 (Groundball, 6M)
|
Top of the 4th over - 0 run(s), 0 hit(s), 0 error(s), 0 left on base; Chula Vista 3 - Surrey 0 |
BOTTOM OF THE 4TH |
Surrey Sinners batting - Pitching for Chula Vista Tacos : RHP Jody Clemente
|
Batting: LHB Brian Ford
|
0-0: Ground out 6-3 (Groundball, 6)
|
Batting: RHB Víctor Arredondo
|
0-0: Foul Ball, location: 2F 0-1: Fly out, F8 (Flyball, 8LXD)
|
Batting: RHB Sixto Banda
|
0-0: Called Strike 0-1: Fly out, F9 (Flyball, 9LSF)
|
Bottom of the 4th over - 0 run(s), 0 hit(s), 0 error(s), 0 left on base; Chula Vista 3 - Surrey 0 |
TOP OF THE 5TH |
Chula Vista Tacos batting - Pitching for Surrey Sinners : LHP Dennis Morales
|
Batting: LHB Ken Phillips
|
0-0: Swinging Strike 0-1: Called Strike 0-2: Ball 1-2: Ball 2-2: Strikes out swinging
|
Batting: RHB Doug Brown
|
0-0: Called Strike 0-1: Ball 1-1: Ball 2-1: Swinging Strike 2-2: Fly out, F6 (Line Drive, 6D)
|
Batting: RHB Griswold Coleman
|
0-0: Ball 1-0: Foul Ball, location: 2F 1-1: Called Strike 1-2: SINGLE (Line Drive, 4MD)
|
Batting: LHB Ray Bryant
|
0-0: Called Strike 0-1: Called Strike 0-2: Ball Wild Pitch! Griswold Coleman to second 1-2: Strikes out swinging
|
Top of the 5th over - 0 run(s), 1 hit(s), 0 error(s), 1 left on base; Chula Vista 3 - Surrey 0 |
BOTTOM OF THE 5TH |
Surrey Sinners batting - Pitching for Chula Vista Tacos : RHP Jody Clemente
|
Batting: LHB Buddy Rice
|
0-0: Ball 1-0: Swinging Strike 1-1: Ground out 5-3 (Groundball, 5S)
|
Batting: LHB Javier Espinoza
|
0-0: Fly out, F6 (Popup, 6D)
|
Batting: RHB Carlos Rodríguez
|
0-0: Swinging Strike 0-1: Foul Ball, location: 2F 0-2: SINGLE (Line Drive, 7LS)
|
Batting: RHB Augusto Trevino
|
0-0: Ball Carlos Rodríguez steals 2nd base 1-0: Ball 2-0: Ball 3-0: Base on Balls
|
Batting: RHB Eugene Booth
|
0-0: Called Strike 0-1: Swinging Strike 0-2: Ball 1-2: Ball 2-2: SINGLE (Groundball, 4M) (infield hit) Carlos Rodríguez to third Augusto Trevino to second
|
Batting: RHB Max Alexander
|
0-0: Foul Ball, location: 2F 0-1: Foul Ball, location: 2F 0-2: DOUBLE (Line Drive, 7LM) Carlos Rodríguez scores Augusto Trevino scores Eugene Booth to third Runner from 3rd tries for Home, SAFE, no throw or cutoff
|
Batting: LHB Brian Ford
|
0-0: Foul Ball, location: 2F 0-1: Ball 1-1: Fly out, F8 (Flyball, 8LM)
|
Bottom of the 5th over - 3 run(s), 3 hit(s), 0 error(s), 1 left on base; Chula Vista 3 - Surrey 3 |
TOP OF THE 6TH |
Chula Vista Tacos batting - Pitching for Surrey Sinners : LHP Dennis Morales
|
Batting: LHB Alberto Santos
|
0-0: Fly out, F4 (Popup, 4)
|
Batting: RHB José Oliveira
|
0-0: Foul Ball, location: 2F 0-1: Swinging Strike 0-2: Strikes out swinging
|
Batting: RHB Ricardo Guzmán
|
0-0: Ground out 6-3 (Groundball, 6)
|
Top of the 6th over - 0 run(s), 0 hit(s), 0 error(s), 0 left on base; Chula Vista 3 - Surrey 3 |
BOTTOM OF THE 6TH |
Surrey Sinners batting - Pitching for Chula Vista Tacos : RHP Jody Clemente
|
Batting: RHB Víctor Arredondo
|
0-0: Ball 1-0: Ball 2-0: Ball 3-0: Called Strike 3-1: Fly out, F6 (Popup, 5D)
|
Batting: RHB Sixto Banda
|
0-0: Called Strike 0-1: Foul Ball, location: 2F 0-2: Ball 1-2: Strikes out swinging
|
Batting: LHB Buddy Rice
|
0-0: Called Strike 0-1: Foul Ball, location: 2F 0-2: Ball 1-2: Strikes out looking
|
Bottom of the 6th over - 0 run(s), 0 hit(s), 0 error(s), 0 left on base; Chula Vista 3 - Surrey 3 |
TOP OF THE 7TH |
Chula Vista Tacos batting - Pitching for Surrey Sinners : LHP Dennis Morales
|
Pinch Hitting: RHB Fred Ameris
|
0-0: Ball 1-0: Called Strike 1-1: Ball 2-1: Foul Ball, location: 2F 2-2: Foul Ball, location: 2F 2-2: Ball 3-2: Base on Balls
|
Pitching: RHP José González
|
|
Pinch Hitting: RHB Ron Glass
|
0-0: Ball 1-0: Ball 2-0: Ball 3-0: Called Strike 3-1: Sac Bunt - play at second, runner OUT! 1-6
|
Pitching: LHP Pedro Najcrea
|
|
Batting: LHB Ken Phillips
|
0-0: Called Strike 0-1: Fly out, F4 (Line Drive, 4)
|
Pitching: LHP Ron Cummins
|
|
Batting: RHB Doug Brown
|
0-0: Ball 1-0: Ball 2-0: Ball 3-0: Called Strike 3-1: Swinging Strike 3-2: Strikes out swinging
|
Top of the 7th over - 0 run(s), 0 hit(s), 0 error(s), 1 left on base; Chula Vista 3 - Surrey 3 |
BOTTOM OF THE 7TH |
Surrey Sinners batting - Pitching for Chula Vista Tacos : RHP Jody Clemente
|
Now at 3B: Ron Glass
|
|
Now at SS: José Blanco
|
|
Batting: LHB Javier Espinoza
|
0-0: Fly out, F7 (Flyball, 7S)
|
Pinch Hitting: RHB Jesús Lara
|
0-0: Ball 1-0: Called Strike 1-1: Swinging Strike 1-2: Foul Ball, location: 2F 1-2: SINGLE (Groundball, 34)
|
Pinch Hitting: LHB Benny Richard
|
0-0: Foul Ball, location: 2F 0-1: Ball 1-1: Called Strike 1-2: Ball 2-2: Ball Jesús Lara steals 2nd base 3-2: Intentional Walk
|
Pitching: LHP Nesto Pérez
|
|
Batting: RHB Eugene Booth
|
0-0: Ball Jesús Lara steals 3rd base Benny Richard to second 1-0: Ball 2-0: Called Strike 2-1: Ground out 3-5 (Groundball, 3S)
|
Batting: RHB Max Alexander
|
0-0: Ground out 6-3 (Groundball, 6)
|
Bottom of the 7th over - 0 run(s), 1 hit(s), 0 error(s), 2 left on base; Chula Vista 3 - Surrey 3 |
TOP OF THE 8TH |
Chula Vista Tacos batting - Pitching for Surrey Sinners : LHP Ron Cummins
|
Now at 3B: Brett Murphy
|
|
Now in CF: Mitchell Darragh
|
|
Batting: RHB Griswold Coleman
|
0-0: Called Strike 0-1: Called Strike 0-2: Foul Ball, location: 2F 0-2: Ball 1-2: Strikes out swinging
|
Batting: LHB Ray Bryant
|
0-0: Called Strike 0-1: Ball 1-1: Foul Ball, location: 2F 1-2: Strikes out swinging
|
Batting: LHB Alberto Santos
|
0-0: Swinging Strike 0-1: Ball 1-1: Foul Ball, location: 2F 1-2: Fly out, F7 (Popup, 7S)
|
Top of the 8th over - 0 run(s), 0 hit(s), 0 error(s), 0 left on base; Chula Vista 3 - Surrey 3 |
BOTTOM OF THE 8TH |
Surrey Sinners batting - Pitching for Chula Vista Tacos : LHP Nesto Pérez
|
Batting: LHB Brian Ford
|
0-0: Called Strike 0-1: Called Strike 0-2: Strikes out looking
|
Batting: RHB Víctor Arredondo
|
0-0: Ball 1-0: Ball 2-0: Foul Ball, location: 2F 2-1: Called Strike 2-2: Strikes out swinging
|
Batting: RHB Sixto Banda
|
0-0: Called Strike 0-1: Ball 1-1: Ground out 6-3 (Groundball, 6)
|
Bottom of the 8th over - 0 run(s), 0 hit(s), 0 error(s), 0 left on base; Chula Vista 3 - Surrey 3 |
TOP OF THE 9TH |
Chula Vista Tacos batting - Pitching for Surrey Sinners : LHP Ron Cummins
|
Pitching: RHP Augusto Herrera
|
|
Pinch Hitting: LHB Karl Hill
|
0-0: Foul Ball, location: 2F 0-1: Ball 1-1: Ball 2-1: Swinging Strike 2-2: Foul Ball, location: 2F 2-2: Foul Ball, location: 2F 2-2: Foul Ball, location: 2F 2-2: Foul Ball, location: 2F 2-2: TRIPLE (Flyball, 8LXD)
|
Batting: RHB Ricardo Guzmán
|
0-0: Ball 1-0: Called Strike 1-1: Foul Ball, location: 2F 1-2: Ball 2-2: Ball 3-2: Base on Balls
|
Batting: LHB José Blanco
|
0-0: Called Strike Ricardo Guzmán steals 2nd base 0-1: Called Strike 0-2: Strikes out swinging
|
Batting: RHB Ron Glass
|
0-0: Ball 1-0: Ball 2-0: Foul Ball, location: 2F 2-1: Ball 3-1: Base on Balls
|
Batting: LHB Ken Phillips
|
0-0: SINGLE (Groundball, 4MD) Karl Hill scores Ricardo Guzmán to third Ron Glass to second Runner from 3rd tries for Home, SAFE, no throw or cutoff
|
Batting: RHB Doug Brown
|
0-0: Called Strike 0-1: Grounds into double play, 5-4-3 (Groundball, 56)
|
Top of the 9th over - 2 run(s), 2 hit(s), 0 error(s), 1 left on base; Chula Vista 5 - Surrey 3 |
BOTTOM OF THE 9TH |
Surrey Sinners batting - Pitching for Chula Vista Tacos : LHP Nesto Pérez
|
Pitching: LHP Geoff Williams
|
|
Now in RF: Karl Hill
|
|
Batting: LHB Buddy Rice
|
0-0: Foul Ball, location: 2F 0-1: SINGLE (Groundball, 5S) (infield hit)
|
Batting: LHB Javier Espinoza
|
0-0: Ball 1-0: Swinging Strike 1-1: Ball 2-1: Ball 3-1: Base on Balls Buddy Rice to second
|
Pinch Hitting: RHB Miguel Palácios
|
0-0: Called Strike 0-1: Sac Bunt - play at first, batter OUT! 1-4 Buddy Rice to third Javier Espinoza to second
|
Pinch Hitting: RHB Luis Martínez
|
0-0: Fly out, F7 (Flyball, 78M) Runner from 3rd tags up, SCORES, throw made
|
Batting: RHB Eugene Booth
|
0-0: Ball 1-0: Swinging Strike 1-1: Ball 2-1: Swinging Strike 2-2: Strikes out looking
|
Bottom of the 9th over - 1 run(s), 1 hit(s), 0 error(s), 1 left on base; Chula Vista 5 - Surrey 4 |
|